| TOP OF THE 1ST |
|
Kansas City Royals batting - Pitching for Toronto Blue Jays : LHP Spencer Jones
|
|
Pitching: LHP Spencer Jones
|
|
|
Batting: SHB Jose Pacheco
|
0-0: Ball 1-0: Swinging Strike 1-1: Ball 2-1: Fly out, F8 (Flyball, 8LD, EV 105.6 MPH)
|
|
Batting: RHB Matt Belgard
|
0-0: Ball 1-0: Ball 2-0: Ball 3-0: Called Strike 3-1: Swinging Strike 3-2: Base on Balls
|
|
Batting: RHB Mike Jaquez
|
0-0: Called Strike Matt Belgard steals 2nd base 0-1: Called Strike 0-2: Strikes out looking
|
|
Batting: RHB Adam Martin
|
0-0: Called Strike 0-1: Called Strike 0-2: Ball 1-2: Ball 2-2: Strikes out looking
|
| Top of the 1st over - 0 runs, 0 hits, 0 errors, 1 left on base; Kansas City 0 - Toronto 0 |
| BOTTOM OF THE 1ST |
|
Toronto Blue Jays batting - Pitching for Kansas City Royals : LHP John Brooks
|
|
Pitching: LHP John Brooks
|
|
|
Batting: RHB C.J. Richerson
|
0-0: Ball 1-0: Called Strike 1-1: Ball 2-1: Ball 3-1: Fly out, F8 (Line Drive, 8RM, EV 108.1 MPH)
|
|
Batting: LHB Jon Schick
|
0-0: Ball 1-0: Ball 2-0: Called Strike 2-1: Called Strike 2-2: Fly out, F8 (Flyball, 78D, EV 103.8 MPH)
|
|
Batting: RHB Donny Burnside
|
0-0: Ball 1-0: Foul Ball, location: 2F 1-1: Foul Ball, location: 2F 1-2: DOUBLE (Line Drive, 78D, EV 97.5 MPH)
|
|
Batting: SHB Matt Altieri
|
0-0: Ball 1-0: Swinging Strike 1-1: Ball 2-1: Ground out 5-3 (Groundball, 5S, EV 88.8 MPH)
|
| Bottom of the 1st over - 0 runs, 1 hit, 0 errors, 1 left on base; Kansas City 0 - Toronto 0 |
| TOP OF THE 2ND |
|
Kansas City Royals batting - Pitching for Toronto Blue Jays : LHP Spencer Jones
|
|
Batting: LHB Bill Baconneck
|
0-0: Ball 1-0: Foul Ball, location: 2F 1-1: Foul Ball, location: 2F 1-2: Fly out, F9 (Flyball, 9, EV 88.8 MPH)
|
|
Batting: RHB Mikolas Markus
|
0-0: Fly out, F7 (Flyball, 7LM, EV 95.0 MPH)
|
|
Batting: LHB Pete Hansel
|
0-0: DOUBLE (Line Drive, 9LS, EV 97.5 MPH)
|
|
Batting: LHB Robby Diaz
|
0-0: Called Strike 0-1: DOUBLE (Groundball, 3L, EV 103.8 MPH) Pete Hansel scores
|
|
Batting: LHB Sam Britt
|
0-0: Foul Ball, location: 2F 0-1: Swinging Strike 0-2: Ball 1-2: Strikes out swinging
|
| Top of the 2nd over - 1 run, 2 hits, 0 errors, 1 left on base; Kansas City 1 - Toronto 0 |
| BOTTOM OF THE 2ND |
|
Toronto Blue Jays batting - Pitching for Kansas City Royals : LHP John Brooks
|
|
Batting: RHB Danny Burnside
|
0-0: Ball 1-0: Swinging Strike 1-1: Called Strike 1-2: Foul Ball, location: 2F 1-2: Ball 2-2: Ball 3-2: Base on Balls
|
|
Batting: LHB Willis Robles
|
0-0: Ball 1-0: Called Strike 1-1: Ball 2-1: SINGLE (Line Drive, 7LM, EV 88.8 MPH) Danny Burnside to second
|
|
Batting: RHB Brock Van Gilder
|
0-0: Ball 1-0: Foul Ball, location: 2F 1-1: Ball 2-1: Called Strike 2-2: Foul Ball, location: 2F 2-2: Ball 3-2: Foul Ball, location: 2F 3-2: Base on Balls Danny Burnside to third Willis Robles to second
|
|
Batting: LHB Nate Dean
|
0-0: Ball 1-0: Called Strike 1-1: Ball 2-1: Grounds into double play, 5-4-3 (Groundball, 56D, EV 103.8 MPH) Danny Burnside scores Willis Robles to third
|
|
Batting: RHB Kirk Arp
|
0-0: Called Strike 0-1: Ball 1-1: Called Strike 1-2: Strikes out swinging
|
| Bottom of the 2nd over - 1 run, 1 hit, 0 errors, 1 left on base; Kansas City 1 - Toronto 1 |
| TOP OF THE 3RD |
|
Kansas City Royals batting - Pitching for Toronto Blue Jays : LHP Spencer Jones
|
|
Batting: SHB Jose Pacheco
|
0-0: Called Strike 0-1: Foul Ball, location: 2F 0-2: Strikes out looking
|
|
Batting: RHB Matt Belgard
|
0-0: Hit by Pitch
|
|
Batting: RHB Mike Jaquez
|
0-0: Foul Ball, location: 2F 0-1: Ball 1-1: Swinging Strike 1-2: Ball 2-2: Hit by Pitch Matt Belgard to second
|
|
Batting: RHB Adam Martin
|
0-0: Ball 1-0: Called Strike 1-1: Foul Ball, location: 2F 1-2: Strikes out swinging
|
|
Batting: LHB Bill Baconneck
|
0-0: Ball 1-0: Called Strike 1-1: Ball 2-1: Swinging Strike 2-2: Ball 3-2: Base on Balls Matt Belgard to third Mike Jaquez to second
|
|
Batting: RHB Mikolas Markus
|
0-0: Ball 1-0: Fly out, F8 (Line Drive, 8RM, EV 92.5 MPH)
|
| Top of the 3rd over - 0 runs, 0 hits, 0 errors, 3 left on base; Kansas City 1 - Toronto 1 |
| BOTTOM OF THE 3RD |
|
Toronto Blue Jays batting - Pitching for Kansas City Royals : LHP John Brooks
|
|
Batting: RHB C.J. Richerson
|
0-0: Called Strike 0-1: Ball 1-1: Ball 2-1: Ball 3-1: Base on Balls
|
|
Batting: LHB Jon Schick
|
0-0: Called Strike 0-1: Ground out 4-3 (Groundball, 34, EV 86.9 MPH) C.J. Richerson to second
|
|
Batting: RHB Donny Burnside
|
0-0: Ball 1-0: Swinging Strike 1-1: Ball 2-1: SINGLE (Line Drive, 9S, EV 103.8 MPH) C.J. Richerson to third Runner from 3rd tries for Home, SAFE, throw by RF to home Donny Burnside to second
|
|
Batting: SHB Matt Altieri
|
0-0: Ball 1-0: Foul Ball, location: 2F 1-1: Ball 2-1: Ball 3-1: Base on Balls
|
|
Batting: RHB Danny Burnside
|
0-0: Called Strike 0-1: Ball 1-1: Foul Ball, location: 2F 1-2: Foul Ball, location: 2F 1-2: DOUBLE (Line Drive, 89XD, EV 97.5 MPH) Donny Burnside scores Matt Altieri to third Runner from 3rd tries for Home, SAFE, throw by CF to home
|
|
Batting: LHB Willis Robles
|
0-0: Called Strike Danny Burnside steals 3rd base 0-1: Fly out, F7 (Flyball, 7, EV 81.9 MPH)
|
|
Batting: RHB Brock Van Gilder
|
0-0: Called Strike 0-1: Ball 1-1: Ground out 4-3 (Groundball, 4, EV 82.5 MPH)
|
| Bottom of the 3rd over - 3 runs, 2 hits, 0 errors, 1 left on base; Kansas City 1 - Toronto 4 |
| TOP OF THE 4TH |
|
Kansas City Royals batting - Pitching for Toronto Blue Jays : LHP Spencer Jones
|
|
Batting: LHB Pete Hansel
|
0-0: Fly out, F7 (Flyball, 7D, EV 108.8 MPH)
|
|
Batting: LHB Robby Diaz
|
0-0: Ball 1-0: Swinging Strike 1-1: Foul Ball, location: 2F 1-2: Foul Ball, location: 2F 1-2: Ground out 4-3 (Groundball, 4S, EV 66.9 MPH)
|
|
Batting: LHB Sam Britt
|
0-0: Ball 1-0: Ball 2-0: Fly out, F8 (Flyball, 8LM, EV 88.8 MPH)
|
| Top of the 4th over - 0 runs, 0 hits, 0 errors, 0 left on base; Kansas City 1 - Toronto 4 |
| BOTTOM OF THE 4TH |
|
Toronto Blue Jays batting - Pitching for Kansas City Royals : LHP John Brooks
|
|
Batting: LHB Nate Dean
|
0-0: Ball 1-0: Ball 2-0: Called Strike 2-1: Fly out, F7 (Flyball, 7S, EV 79.4 MPH)
|
|
Batting: RHB Kirk Arp
|
0-0: Ball 1-0: Ball 2-0: Ball 3-0: Base on Balls
|
|
Batting: RHB C.J. Richerson
|
0-0: Ball 1-0: Ball 2-0: Foul Ball, location: 2F 2-1: Swinging Strike 2-2: Ball 3-2: Strikes out looking Kirk Arp is caught stealing 2nd base 2-4 Batter strikes out.
|
| Bottom of the 4th over - 0 runs, 0 hits, 0 errors, 0 left on base; Kansas City 1 - Toronto 4 |
| TOP OF THE 5TH |
|
Kansas City Royals batting - Pitching for Toronto Blue Jays : LHP Spencer Jones
|
|
Batting: SHB Jose Pacheco
|
0-0: Ball 1-0: Fly out, F7 (Line Drive, 7, EV 85.6 MPH)
|
|
Batting: RHB Matt Belgard
|
0-0: Called Strike 0-1: Swinging Strike 0-2: Strikes out swinging
|
|
Batting: RHB Mike Jaquez
|
0-0: Called Strike 0-1: Foul Ball, location: 2F 0-2: Foul Ball, location: 2F 0-2: Ball 1-2: SINGLE (Groundball, 4M, EV 108.8 MPH) (infield hit)
|
|
Batting: RHB Adam Martin
|
0-0: SINGLE (Popup, 6D, EV 42.5 MPH) Mike Jaquez to second Runner from 2nd tries for 3rd, OUT! 6-5
|
| Top of the 5th over - 0 runs, 2 hits, 0 errors, 1 left on base; Kansas City 1 - Toronto 4 |
| BOTTOM OF THE 5TH |
|
Toronto Blue Jays batting - Pitching for Kansas City Royals : LHP John Brooks
|
|
Batting: LHB Jon Schick
|
0-0: Ball 1-0: Ground out 4-3 (Groundball, 4, EV 85.0 MPH)
|
|
Batting: RHB Donny Burnside
|
0-0: Called Strike 0-1: Called Strike 0-2: Ball 1-2: Strikes out swinging
|
|
Batting: SHB Matt Altieri
|
0-0: Foul Ball, location: 2F 0-1: Ball 1-1: Foul Ball, location: 2F 1-2: Ball 2-2: Fly out, F9 (Flyball, 9LM, EV 86.2 MPH)
|
| Bottom of the 5th over - 0 runs, 0 hits, 0 errors, 0 left on base; Kansas City 1 - Toronto 4 |
| TOP OF THE 6TH |
|
Kansas City Royals batting - Pitching for Toronto Blue Jays : LHP Spencer Jones
|
|
Batting: LHB Bill Baconneck
|
0-0: Foul Ball, location: 2F 0-1: Ball 1-1: Ball 2-1: Foul Ball, location: 2F 2-2: Foul Ball, location: 2F 2-2: Ball 3-2: Base on Balls
|
|
Batting: RHB Mikolas Markus
|
0-0: Ball 1-0: Ground out 4-3 (Groundball, 34, EV 95.6 MPH) Bill Baconneck to second
|
|
Batting: LHB Pete Hansel
|
0-0: Called Strike 0-1: Called Strike 0-2: Ball 1-2: Ground out 3-1 (Groundball, 34, EV 87.5 MPH) Bill Baconneck to third
|
|
Batting: LHB Robby Diaz
|
0-0: Called Strike 0-1: Called Strike 0-2: Foul Ball, location: 2F 0-2: Strikes out swinging
|
| Top of the 6th over - 0 runs, 0 hits, 0 errors, 1 left on base; Kansas City 1 - Toronto 4 |
| BOTTOM OF THE 6TH |
|
Toronto Blue Jays batting - Pitching for Kansas City Royals : LHP John Brooks
|
|
Batting: RHB Danny Burnside
|
0-0: Called Strike 0-1: Ball 1-1: Called Strike 1-2: Ball 2-2: Foul Ball, location: 2F 2-2: Strikes out swinging
|
|
Batting: LHB Willis Robles
|
0-0: Fly out, F6 (Popup, 6MS, EV 62.5 MPH)
|
|
Batting: RHB Brock Van Gilder
|
0-0: Swinging Strike 0-1: Swinging Strike 0-2: Strikes out looking
|
| Bottom of the 6th over - 0 runs, 0 hits, 0 errors, 0 left on base; Kansas City 1 - Toronto 4 |
| TOP OF THE 7TH |
|
Kansas City Royals batting - Pitching for Toronto Blue Jays : LHP Spencer Jones
|
|
Now at C: Zory Larikov
|
|
|
Batting: LHB Sam Britt
|
0-0: Ball 1-0: Ball 2-0: Called Strike 2-1: Foul Ball, location: 2F 2-2: Ball 3-2: Strikes out looking
|
|
Batting: SHB Jose Pacheco
|
0-0: SINGLE (Line Drive, 8LS, EV 92.5 MPH)
|
|
Batting: RHB Matt Belgard
|
0-0: Called Strike 0-1: Ball 1-1: Called Strike 1-2: SINGLE (Groundball, 6S, EV 65.0 MPH) (infield hit) Jose Pacheco to second
|
|
Batting: RHB Mike Jaquez
|
0-0: Swinging Strike 0-1: Called Strike 0-2: Strikes out swinging
|
|
Batting: RHB Adam Martin
|
0-0: Ball 1-0: Foul Ball, location: 2F 1-1: Called Strike 1-2: Strikes out swinging
|
| Top of the 7th over - 0 runs, 2 hits, 0 errors, 2 left on base; Kansas City 1 - Toronto 4 |
| BOTTOM OF THE 7TH |
|
Toronto Blue Jays batting - Pitching for Kansas City Royals : LHP John Brooks
|
|
Pitching: LHP John Hall
|
|
|
Batting: LHB Nate Dean
|
0-0: Ball 1-0: Foul Ball, location: 2F 1-1: Ball 2-1: Ball 3-1: Base on Balls
|
|
Batting: RHB Kirk Arp
|
0-0: Sac Bunt to 2L - play at first, batter OUT! 2-3 Nate Dean to second
|
|
Batting: RHB C.J. Richerson
|
0-0: Ball Nate Dean is caught stealing 3rd base 2-5 1-0: Foul Ball, location: 2F 1-1: Fly out, F9 (Flyball, 89S, EV 86.2 MPH)
|
| Bottom of the 7th over - 0 runs, 0 hits, 0 errors, 0 left on base; Kansas City 1 - Toronto 4 |
| TOP OF THE 8TH |
|
Kansas City Royals batting - Pitching for Toronto Blue Jays : LHP Spencer Jones
|
|
Pitching: LHP Tim Franco
|
|
|
Now at 2B: Dylan Novakowski
|
|
|
Batting: LHB Bill Baconneck
|
0-0: Called Strike 0-1: Foul Ball, location: 2F 0-2: Ball 1-2: Strikes out looking
|
|
Batting: RHB Mikolas Markus
|
0-0: Ball 1-0: Foul Ball, location: 2F 1-1: Foul Ball, location: 2F 1-2: Ball 2-2: Ball 3-2: Strikes out swinging
|
|
Pinch Hitting: SHB Gil Switzer
|
0-0: Ball 1-0: Ball 2-0: Ball 3-0: Foul Ball, location: 2F 3-1: Foul Ball, location: 2F 3-2: Foul Ball, location: 2F 3-2: SOLO HOME RUN (Flyball, 7D, EV 101.9 MPH), Distance : 380 ft
|
|
Batting: LHB Robby Diaz
|
0-0: Called Strike 0-1: Foul Ball, location: 2F 0-2: Strikes out swinging
|
| Top of the 8th over - 1 run, 1 hit, 0 errors, 0 left on base; Kansas City 2 - Toronto 4 |
| BOTTOM OF THE 8TH |
|
Toronto Blue Jays batting - Pitching for Kansas City Royals : LHP John Hall
|
|
Pitching: LHP Chris Eaker
|
|
|
Now in CF: Gil Switzer
|
|
|
Batting: LHB Jon Schick
|
0-0: Ball 1-0: Swinging Strike 1-1: Swinging Strike 1-2: Foul Ball, location: 2F 1-2: Ball 2-2: Strikes out swinging
|
|
Batting: RHB Donny Burnside
|
0-0: SINGLE (Line Drive, 89S, EV 91.9 MPH)
|
|
Batting: SHB Zory Larikov
|
0-0: Called Strike 0-1: Grounds into double play, 5-4-3 (Groundball, 56, EV 101.9 MPH)
|
| Bottom of the 8th over - 0 runs, 1 hit, 0 errors, 0 left on base; Kansas City 2 - Toronto 4 |
| TOP OF THE 9TH |
|
Kansas City Royals batting - Pitching for Toronto Blue Jays : LHP Tim Franco
|
|
Pitching: RHP Zach Ault
|
|
|
Now at 2B: Michael Byrd
|
|
|
Now at SS: Dylan Novakowski
|
|
|
Batting: LHB Sam Britt
|
0-0: Ground out 4-3 (Groundball, 34D, EV 76.2 MPH)
|
|
Batting: SHB Jose Pacheco
|
0-0: Ball 1-0: Ball 2-0: Ball 3-0: Called Strike 3-1: Foul Ball, location: 2F 3-2: SINGLE (Groundball, 4MD, EV 107.5 MPH)
|
|
Pinch Hitting: LHB Roman Downey
|
0-0: Ball 1-0: Called Strike 1-1: Ball 2-1: Fly out, F7 (Flyball, 78D, EV 103.1 MPH)
|
|
Batting: RHB Mike Jaquez
|
0-0: Ball 1-0: Swinging Strike 1-1: Swinging Strike 1-2: Ball 2-2: Strikes out swinging
|
| Top of the 9th over - 0 runs, 1 hit, 0 errors, 1 left on base; Kansas City 2 - Toronto 4 |
|